Map: Vaani Research Station (Void)

Players

speaknow (ByuN) - Winner!

  • Race: Terran Terran
  • Spawn Location: 12:00

Kelazhur

  • Race: Terran Terran
  • Spawn Location: 6:00

Event: NationWars IV

VOD

Have the link to the VOD?

Description

Time

  • Played on: Jan. 4, 2017, 11:24 a.m.
  • Length: 6:38

All games in this series

Show
View Real Time Build Order
Export as new Build Order

speaknow Terran - Winner!

Build Orders: Cyclone Opening 

Get SALT Encoding   

  12  0:00  SCV  
  13  0:13  SCV  
  14  0:17  Supply Depot  
  14  0:25  SCV  
  15  0:29  Refinery  
  15  0:39  SCV  
  16  0:45  Barracks  
  16  0:51  SCV  
  16  0:57  Refinery  
  17  1:03  SCV  
  18  1:15  SCV  
  19  1:32  Orbital Command, Factory  
  19  1:36  Reaper  
  20  1:46  Supply Depot  
  20  1:57  SCV  
  19  2:08  Reaper  
  19  2:09  SCV  
  20  2:21  SCV, Cyclone  
  23  2:36  SCV  
  22  2:40  Reaper  
  22  2:48  SCV  
  18  3:00  SCV  
  18  3:02  Hellion  
  21  3:12  SCV  
  22  3:18  Marine  
  23  3:24  SCV  
  23  3:25  Starport  
  23  3:26  Hellion  
  26  3:36  SCV  
  27  3:48  SCV  
  27  3:49  Hellion, Barracks Tech Lab  
  27  3:55  Supply Depot  
  30  4:00  SCV  
  31  4:12  Banshee  
  31  4:16  Cloaking Field  
  33  4:28  Supply Depot  
  33  4:50  Hellion, SCV  
  31  5:02  SCV  
  31  5:03  Banshee  
  35  5:14  SCV, Barracks Reactor  
  33  5:25  Cyclone  
  33  5:27  Supply Depot  
  36  5:31  SCV  
  37  5:41  Engineering Bay  
  34  5:44  SCV  
  34  5:46  Raven  
  37  5:56  SCV  
  38  6:11  SCV  
  39  6:17  Command Center  
  39  6:20  Factory Tech Lab  
  39  6:25  SCV  
Show
View Real Time Build Order
Export as new Build Order

Kelazhur Terran 

Build Orders:  

Get SALT Encoding   

  12  0:09  Supply Depot  
  12  0:14  SCV  
  13  0:33  Barracks  
  13  0:37  Refinery  
  13  0:42  SCV  
  14  0:54  SCV  
  15  1:07  Barracks  
  16  1:20  Reaper  
  16  1:23  Barracks  
  16  1:32  Refinery  
  16  1:38  SCV  
  17  1:52  Reaper  
  18  1:56  Reaper  
  19  2:11  Engineering Bay  
  18  2:19  Reaper  
  19  2:24  Reaper  
  20  2:35  Reaper  
  21  2:51  Reaper  
  21  2:56  Reaper  
  20  3:03  Orbital Command  
  20  3:09  Reaper  
  21  3:27  Factory  
  21  3:33  SCV  
  21  3:43  Reaper  
  21  3:45  Reaper  
  23  3:52  Supply Depot  
  23  4:14  SCV, Cyclone  
  27  4:30  Supply Depot  
  27  4:40  SCV  
  25  4:59  SCV  
  23  5:11  SCV  
  25  5:18  Starport  
  25  5:19  Engineering Bay  
  22  5:23  SCV  
  22  5:24  Cyclone  
  22  5:27  Reaper  
  27  5:33  Reaper  
  27  5:35  Reaper  
  29  5:39  SCV  
  27  5:45  Missile Turret  
  21  6:08  SCV  
  18  6:21  SCV  
Tags
 
Add a new tag
Caveats
  • Supply blocks, unpowered buildings, or Contaminate may cause inaccurate times.
  • Supply counts are checked every 10 seconds.